 Dungeon Crawl Stone Soup version 0.21.1-1-g345015fe64 (webtiles) character file.

43218 Maize the Fighter (level 13, 0/187 HPs)
             Began as a Minotaur Berserker on May 28, 2018.
             Was a High Priest of Trog.
             Slain by an 11-headed hydra (2 damage)
             ... on level 6 of the Lair of Beasts.
             The game lasted 00:54:26 (18989 turns).

Maize the Fighter (Minotaur Berserker)             Turns: 18989, Time: 00:54:27

Health: 0/187      AC: 17    Str: 32 (35) XL:     13   Next: 89%
Magic:  12/12      EV: 15    Int:  3 (4)  God:    Trog [*****.]
Gold:   877        SH:  0    Dex: 11 (12) Spells: 12/12 levels left

rFire    . . .     SeeInvis .   S - +6 battleaxe (chop)
rCold    . . .     Gourm    +   (shield currently unavailable)
rNeg     . . .     Faith    .   f - +0 chain mail
rPois    .         Spirit   .   (helmet restricted)
rElec    .         Reflect  .   U - scarf {repulsion}
rCorr    .         Harm     .   u - +1 pair of gloves
MR       .....                  z - +0 pair of boots
Stlth    ..........             Q - amulet of the gourmand
HPRegen  0.41/turn              b - +2 ring of strength
MPRegen  0.13/turn              a - +3 ring of strength

@: berserking, repel missiles, very quick
A: retaliatory headbutt, horns 2
a: Berserk, Trog's Hand, Brothers in Arms, Burn Spellbooks, Renounce Religion


You were on level 6 of the Lair of Beasts.
You worshipped Trog.
Trog was extremely pleased with you.
You were not hungry.

You visited 2 branches of the dungeon, and saw 17 of its levels.
You also visited: Sewer and Volcano.

You collected 1217 gold pieces.
You spent 340 gold pieces at shops.

Inventory:

Hand Weapons
 n - a +4 executioner's axe of chopping
 S - a +6 battleaxe of chopping (weapon)
Missiles
 t - 2 throwing nets (quivered)
Armour
 f - a +0 chain mail (worn)
 r - a scarf of cloud immunity
 u - a +1 pair of gloves (worn)
 z - a +0 pair of boots (worn)
 U - a scarf of repulsion (worn)
Jewellery
 a - a +3 ring of strength (right hand)
 b - a +2 ring of strength (left hand)
 w - an uncursed ring of poison resistance
 O - an uncursed ring of protection from fire
 Q - an amulet of the gourmand (around neck)
 X - an uncursed amulet of harm {unknown}
Wands
 s - a wand of random effects (79)
 x - a wand of paralysis (13)
 L - a wand of clouds (3)
 T - a wand of flame (14)
 Z - a wand of iceblast (8)
Scrolls
 d - 5 scrolls of teleportation
 e - 15 scrolls of identify
 g - 5 scrolls of fear
 i - 3 scrolls of random uselessness {unknown}
 k - 11 scrolls of remove curse
 m - a scroll of amnesia {unknown}
 o - 3 scrolls of enchant armour {unknown}
 y - 2 scrolls of enchant weapon {unknown}
 A - 2 scrolls of torment {unknown}
 B - 3 scrolls of summoning {unknown}
 F - 3 scrolls of immolation {unknown}
 G - a scroll of brand weapon {unknown}
 M - 3 scrolls of magic mapping {unknown}
 R - a scroll of blinking {unknown}
 Y - a scroll of silence {unknown}
Potions
 h - 4 potions of brilliance {unknown}
 j - a potion of haste
 l - 5 potions of heal wounds
 p - 4 potions of agility
 q - 2 potions of curing {unknown}
 C - 3 potions of might
 E - 2 potions of mutation {unknown}
 H - 3 potions of cancellation
 J - 3 potions of resistance
 K - a potion of magic {unknown}
 N - 2 potions of flight
 W - 2 potions of berserk rage {unknown}
Books
 I - a book of Debilitation

   Spells                             Type                      Level
   a - Corona                         Hexes                        1
   b - Slow                           Hexes                        2
   c - Inner Flame                    Hexes/Fire                   3
   d - Portal Projectile              Hexes/Translocation          3
   e - Cause Fear                     Hexes                        4
   f - Leda's Liquefaction            Hexes/Earth                  4
   Trog disapproves of the use of such an item.
 P - a book of Minor Magic

   Spells                             Type                      Level
   a - Magic Dart                     Conjuration                  1
   b - Blink                          Translocation                2
   c - Call Imp                       Summoning                    2
   d - Slow                           Hexes                        2
   e - Conjure Flame                  Conjuration/Fire             3
   f - Mephitic Cloud                 Conjuration/Poison/Air       3
   Trog disapproves of the use of such an item.
Miscellaneous
 V - a sack of spiders
Comestibles
 c - 34 rations


   Skills:
 + Level 14.5 Fighting
 + Level 14.5 Axes
 + Level 14.2 Armour
 + Level 13.2 Dodging


You had 12 spell levels left.
You didn't know any spells.

Dungeon Overview and Level Annotations

Branches:
Dungeon (11/15)            Temple (0/1) D:4            Lair (6/6) D:11
 Shoals (0/4) Lair:2        Snake (0/4) Lair:2        Slime (0/5) Lair:6
    Orc (0/2) D:9

Altars:
Dithmenos
Okawaru
Qazlal
Vehumet
Wu Jian
Xom
Yredelemnul

Shops:
D:8 [   D:11 !

Annotations:
D:8 Erica


Innate Abilities, Weirdness & Mutations

You reflexively headbutt those who attack you in melee.
You have a pair of horns on your head.


Message History

The 11-headed hydra misses you.
The 11-headed hydra bites you but does no damage.
The 11-headed hydra misses you. The 11-headed hydra closely misses you.
The 11-headed hydra bites you.
* * * LOW HITPOINT WARNING * * *
The 11-headed hydra bites you!
* * * LOW HITPOINT WARNING * * *
The 11-headed hydra misses you.
A red film seems to cover your vision as you go berserk!
You feel yourself moving faster!
You feel mighty!
You feel a lot more hungry. The 11-headed hydra bites you!
* * * LOW HITPOINT WARNING * * *
The 11-headed hydra bites you!
* * * LOW HITPOINT WARNING * * *
The 11-headed hydra bites you but does no damage.
The 11-headed hydra bites you.
* * * LOW HITPOINT WARNING * * *
The 11-headed hydra bites you but does no damage. x2
The 11-headed hydra bites you.
You die...

......###
#.......#####
.........#..
..../......
..H.......
##.........
..####.#D.......
......#.@.......
#..........
##.........
##..........
###...........
#............P
##..............
##...............
#................


You could see a 11-headed hydra and a hippogriff.

Vanquished Creatures
  The ghost of Lokiki the Blocker, a journeyman DsFi of Hepliaklqana (Lair:3)
  The ghost of Maize the Cleaver, a journeyman MiBe of Trog (D:10)
  4 hydras
  3 death yaks (D:11)
  8 two-headed ogres
  A tengu warrior (D:11)
  A fire crab (Lair:2)
  An unseen horror (D:10)
  The ghost of GoroGoro the Shield-Bearer, a novice GnFi of Wu Jian (D:6)
  A deep elf mage (D:7)
  3 black mambas
  Psyche (D:8)
  A gargoyle (D:11)
  Joseph (D:8)
  The ghost of DildoBatman the Sneak, a novice FoWz of Kikubaaqudgha (D:4)
  10 spiny frogs
  6 rime drakes
  4 komodo dragons
  2 meliai (Lair:6)
  A queen bee (Lair:6)
  2 trolls
  5 polar bears
  6 hippogriffs
  A snapping turtle (Lair:2)
  6 dream sheep (Lair:6)
  6 blink frogs
  16 yaks
  2 wraiths
  5 wyverns
  3 fire bats (Lair:2)
  A fire elemental (Lair:2)
  A hungry ghost (D:9)
  Menkaure (D:6)
  Edmund (D:4)
  3 nagas (Lair:2)
  A two-headed ogre zombie (D:9)
  12 water moccasins
  A hell hound (Lair:2)
  5 porcupines
  2 sky beasts
  Duvessa (D:4)
  3 phantoms
  2 orc warriors
  3 black bears
  6 wolves
  7 ogres
  3 centaurs
  8 big kobolds
  10 crocodiles
  Blork the orc (D:4)
  4 bullfrogs
  A wyvern zombie (D:9)
  Dowan (D:4)
  4 scorpions
  A wyvern skeleton (D:9)
  A water moccasin skeleton (D:8)
  A troll zombie (D:9)
  20 killer bees (Lair:6)
  17 wights
  An electric eel (Lair:4)
  2 howler monkeys (D:4)
  7 crimson imps
  A centaur zombie (D:5)
  4 orc priests
  7 hounds
  15 jellies
  5 iguanas
  10 orc wizards
  A centaur skeleton (D:10)
  A bullfrog skeleton (D:11)
  Ijyb (D:3)
  8 worker ants
  5 ogre zombies (D:9)
  2 hound skeletons (D:4)
  2 worker ant zombies
  10 gnolls
  15 adders
  5 river rats
  2 shadow imps
  A white imp (D:8)
  6 oozes
  6 worms
  2 dart slugs
  3 leopard geckos
  34 orcs
  5 giant cockroaches
  5 goblins
  5 hobgoblins
  2 jackals (D:6)
  5 quokkas
  8 ball pythons
  5 bats
  13 frilled lizards
  2 goblin skeletons (D:9)
  2 goblin zombies (D:9)
  5 hobgoblin zombies (D:9)
  29 kobolds
  3 orc skeletons (D:9)
  13 orc zombies (D:9)
  3 quokka skeletons
  15 rats
  8 fungi
  6 plants
516 creatures vanquished.

Vanquished Creatures (collateral kills)
  A red draconian (Volcano)
  An ogre mage (Volcano)
  2 two-headed ogres (Volcano)
4 creatures vanquished.

Vanquished Creatures (others)
  A centaur (D:6)
  A bullfrog (D:6)
  A jackal (D:6)
  A quokka (D:8)
  A fungus (Lair:6)
  A plant (Lair:6)
6 creatures vanquished.

Grand Total: 526 creatures vanquished

Notes
Turn   | Place    | Note
-------+----------+-------------------------------------------
     0 | D:1      | Maize the Minotaur Berserker began the quest for the Orb.
     0 | D:1      | Reached XP level 1. HP: 19/19 MP: 0/0
   311 | D:1      | Reached XP level 2. HP: 20/27 MP: 1/1
  1051 | D:2      | Reached XP level 3. HP: 29/33 MP: 2/2
  1110 | D:2      | Reached ** piety under Trog
  2171 | D:3      | Noticed a big kobold
  2172 | D:3      | Reached XP level 4. HP: 34/41 MP: 3/3
  2185 | D:3      | Killed a big kobold
  2185 | D:3      | Reached skill level 5 in Axes
  2185 | D:3      | Reached XP level 5. HP: 47/47 MP: 4/4
  2421 | D:3      | Found a radiant altar of Vehumet.
  2423 | D:3      | Noticed Ijyb
  2435 | D:3      | Killed Ijyb
  2439 | D:3      | Reached skill level 5 in Fighting
  2807 | D:3      | Reached XP level 6. HP: 50/56 MP: 5/5
  2810 | D:3      | Reached *** piety under Trog
  3321 | D:4      | Noticed Edmund
  3327 | D:4      | Killed Edmund
  3327 | D:4      | Reached XP level 7. HP: 62/62 MP: 6/6
  3372 | D:4      | Noticed Duvessa
  3382 | D:4      | Noticed Dowan
  3392 | D:4      | Killed Duvessa
  3392 | D:4      | Reached skill level 5 in Armour
  3400 | D:4      | Killed Dowan
  3418 | D:4      | Found a staircase to the Ecumenical Temple.
  3433 | D:4      | Noticed DildoBatman's ghost (novice FoWz)
  3445 | D:4      | Killed DildoBatman's ghost
  3445 | D:4      | Reached skill level 5 in Dodging
  3445 | D:4      | Reached XP level 8. HP: 71/71 MP: 7/7
  3573 | D:4      | Noticed Blork the orc
  3588 | D:4      | Killed Blork the orc
  3972 | D:5      | Entered Level 5 of the Dungeon
  4110 | D:5      | Found a glowing drain.
  4116 | Sewer    | Entered a sewer
  4320 | Sewer    | Reached **** piety under Trog
  4824 | D:5      | Found a shadowy altar of Dithmenos.
  4825 | D:5      | Found a stormy altar of Qazlal.
  4828 | D:5      | Found an ornate altar of the Wu Jian Council.
  5404 | D:6      | Reached XP level 9. HP: 64/81 MP: 8/8
  5441 | D:6      | Reached ***** piety under Trog
  5469 | D:6      | Noticed GoroGoro's ghost (novice GnFi)
  5482 | D:6      | Killed GoroGoro's ghost
  5684 | D:6      | Noticed Menkaure
  5692 | D:6      | Killed Menkaure
  5733 | D:6      | Received a gift from Trog
  6177 | D:6      | Found a shimmering altar of Xom.
  6877 | D:7      | Reached XP level 10. HP: 91/91 MP: 9/9
  7114 | D:7      | Noticed a deep elf mage
  7120 | D:7      | Killed a deep elf mage
  7477 | D:8      | Noticed Psyche
  7490 | D:8      | Killed Psyche
  7490 | D:8      | Reached skill level 10 in Axes
  7537 | D:8      | Reached skill level 10 in Fighting
  7823 | D:8      | Found Esoaw's Armour Boutique.
  7851 | D:8      | Noticed Erica
  8135 | D:8      | Noticed Joseph
  8143 | D:8      | Killed Joseph
  8497 | D:9      | Noticed a two-headed ogre
  8505 | D:9      | Killed a two-headed ogre
  8505 | D:9      | Reached skill level 10 in Armour
  8669 | D:9      | Found an iron altar of Okawaru.
  8670 | D:9      | Found a basalt altar of Yredelemnul.
  8853 | D:9      | Found a staircase to the Orcish Mines.
  8881 | D:9      | Received a gift from Trog
  8946 | D:9      | Reached XP level 11. HP: 79/101 MP: 10/10
  9234 | D:10     | Entered Level 10 of the Dungeon
  9235 | D:10     | Noticed Maize's ghost (journeyman MiBe)
  9685 | D:10     | Killed Maize's ghost
 10053 | D:10     | Killed an unseen horror
 10127 | D:10     | Noticed a two-headed ogre
 10132 | D:10     | Killed a two-headed ogre
 10132 | D:10     | Reached skill level 10 in Dodging
 11072 | D:11     | Noticed a tengu warrior
 11085 | D:11     | Killed a tengu warrior
 11147 | D:11     | Noticed a two-headed ogre
 11156 | D:11     | Killed a two-headed ogre
 11177 | D:11     | Noticed a death yak
 11186 | D:11     | Killed a death yak
 11188 | D:11     | Noticed a death yak
 11188 | D:11     | Noticed a death yak
 11190 | D:11     | Found a staircase to the Lair.
 11294 | D:11     | Received a gift from Trog
 11466 | D:11     | Killed a death yak
 11469 | D:11     | Killed a death yak
 11471 | D:11     | Reached XP level 12. HP: 54/112 MP: 11/11
 11834 | D:11     | Found Lom Tydosa's Distillery.
 11848 | D:11     | Bought a potion of heal wounds for 85 gold pieces
 11848 | D:11     | Bought a potion of might for 68 gold pieces
 11848 | D:11     | Bought a potion of flight for 51 gold pieces
 11848 | D:11     | Bought a potion of cancellation for 136 gold pieces
 11927 | D:11     | Noticed a two-headed ogre
 11938 | D:11     | Killed a two-headed ogre
 12087 | Lair:1   | Entered Level 1 of the Lair of Beasts
 13013 | Lair:2   | Found a transporter.
 13035 | Lair:2   | Found a transporter.
 13213 | Lair:2   | Found a staircase to the Snake Pit.
 13936 | Lair:2   | Found a staircase to the Shoals.
 14231 | Lair:2   | Noticed an eight-headed hydra
 14236 | Lair:2   | Killed a ten-headed hydra
 14668 | Lair:3   | Noticed Lokiki's ghost (journeyman DsFi)
 14678 | Lair:3   | Killed Lokiki's ghost
 14725 | Lair:3   | Reached XP level 13. HP: 99/122 MP: 12/12
 15999 | Lair:4   | Found a dark tunnel.
 16004 | Volcano  | Entered a volcano
 16026 | Volcano  | Found a bloodstained altar of Trog.
 16027 | Volcano  | Noticed a red draconian
 16042 | Volcano  | Killed a red draconian
 17671 | Lair:6   | Entered Level 6 of the Lair of Beasts
 18831 | Lair:6   | Found a staircase to the Slime Pits.
 18857 | Lair:6   | Received a gift from Trog
 18989 | Lair:6   | HP: 6/187 [11-headed hydra (12)]
 18989 | Lair:6   | HP: 2/187 [11-headed hydra (4)]
 18989 | Lair:6   | Slain by an 11-headed hydra

Skill      XL: |  1  2  3  4  5  6  7  8  9 10 11 12 13 |
---------------+----------------------------------------+-----
Fighting       | 4 5 6 7 9 10 12 13 14 | 14.5
Axes           | 4 5 6 8 9 10 12 13 14 | 14.5
Armour         | 3 4 5 7 8 10 11 13 14 | 14.2
Dodging        | 3 4 5 6 8 9 10 12 13 | 13.2

Action                   |  1- 3 |  4- 6 |  7- 9 | 10-12 | 13-15 || total
-------------------------+-------+-------+-------+-------+-------++-------
Melee: Hand axe          |   110 |   111 |   396 |   124 |       ||   741
       Headbutt          |    10 |    22 |    82 |   108 |    50 ||   272
       Battleaxe         |       |       |       |   368 |   195 ||   563
Throw: Throwing net      |       |       |       |     1 |     1 ||     2
Invok: Berserk           |       |     3 |     8 |    14 |     8 ||    33
       Trog's Hand       |       |       |     1 |    11 |     3 ||    15
       Brothers in Arms  |       |       |       |       |     2 ||     2
       Burn Spellbooks   |       |       |       |       |     1 ||     1
  Use: Scroll            |       |       |     8 |     3 |     4 ||    15
       Potion            |       |       |       |     1 |     6 ||     7
  Eat: Chunk             |     4 |     6 |    19 |    50 |    21 ||   100
       Ration            |       |       |       |     3 |       ||     3
Armor: Animal skin       |    17 |       |       |       |       ||    17
       Chain mail        |    27 |    47 |   143 |   205 |    75 ||   497
Dodge: Dodged            |    66 |    38 |   156 |   338 |   167 ||   765
       Deflected         |       |       |       |       |     3 ||     3
